 Dungeon Crawl Stone Soup version 0.30-a0-972-gf3ab3527aa (webtiles) character file.

Game seed: 12643239495087366658

376 Demosthentine the Poker (level 6, -1/48 HPs)
             Began as a Demonspawn Gladiator on Mar 31, 2023.
             Slain by Edmund
             ... wielding a +5 flail of protection
              (3 damage)
             ... on level 4 of the Dungeon.
             The game lasted 00:05:17 (2597 turns).

Demosthentine the Poker (Demonspawn Gladiator)      Turns: 2597, Time: 00:05:18

Health: -1/48      AC:  5    Str: 17    XL:     6   Next: 44%
Magic:  6/6        EV: 13    Int:  9    God:
Gold:   163        SH:  0    Dex: 14    Spells: 5/5 levels left

rFire   . . .      SeeInvis .    a - +0 trident
rCold   . . .      Faith    .    (no shield)
rNeg    . . .      Spirit   .    b - +0 leather armour
rPois   .          Reflect  .    c - +1 helmet
rElec   .          Rampage  .    (no cloak)
rCorr   .                        (no gloves)
Will    .....                    (no boots)
Stlth   +                        (no amulet)
HPRegen 0.28/turn                (no ring)
MPRegen 0.10/turn                (no ring)

@: mighty
A: hooves 2, foul stench 1, weakness stinger 1
a: no special abilities


You were on level 4 of the Dungeon.
You visited 1 branch of the dungeon, and saw 4 of its levels.

You collected 163 gold pieces.

Inventory:

Hand Weapons
 a - a +0 trident (weapon)
Missiles
 d - a throwing net (quivered)
 e - a javelin
Armour
 b - a +0 leather armour (worn)
 c - a +1 helmet (worn)
Jewellery
 j - a ring of positive energy
 n - a ring of ice
 o - a ring of see invisible
Scrolls
 g - 3 scrolls of teleportation
 m - 2 scrolls of fear
 p - 3 scrolls of identify
 q - 2 scrolls of fog {unknown}
 r - a scroll of silence {unknown}
Potions
 f - a potion of heal wounds
 i - 2 potions of ambrosia
 k - 4 potions of lignification
 l - 2 potions of cancellation {unknown}


   Skills:
 + Level 3.7 Fighting
 + Level 4.0 Polearms
 - Level 1.7 Throwing
 + Level 2.7 Armour
 + Level 4.0 Dodging


You had 5 spell levels left.
You didn't know any spells.
Your spell library contained the following spells:

 Spells                   Type           Power      Damage    Failure   Level
 Necrotise                Necr           0%         1d4       43%         1
 Vampiric Draining        Necr           0%         2d6       82%         3
 Agony                    Necr           0%         N/A       100%        5


Dungeon Overview and Level Annotations

Branches:
Dungeon (4/15)
 Temple: D:4-7

Altars:
Makhleb
Ru

Annotations:
D:4 Edmund


Innate Abilities, Weirdness & Mutations

You have hoof-like feet.
You may rarely emit foul miasma when damaged in melee.
You have a small tail.


Message History

Unknown command.
The scorpion barely misses you. The scorpion stings you.
You are poisoned.
The scorpion poisons you! The scorpion barely misses you.
Unknown command.
Edmund attacks as you move away! Edmund closely misses you.
You feel very sick.
Edmund says, "People accused me of being a cutpurse!"
Edmund attacks as you move away! Edmund completely misses you.
You feel sick.
Throw: 2 throwing nets
Press: ? - help, Q - select action, (/) - cycle Shift-Dir - straight line, f/p - Edmund
Aim: Edmund, wielding a +5 flail of protection and wearing a +0 ring mail (lightly wounded, 63% to hit)
You throw a throwing net. The throwing net closely misses Edmund.
You feel sick.
Edmund hits you with a +5 flail of protection!
You feel much better.
You feel sick.
Edmund hits you with a +5 flail of protection.
You feel very mighty all of a sudden.
You feel sick.
Edmund hits you with a +5 flail of protection!
You barely miss Edmund. Your kick misses Edmund.
Edmund is lightly wounded.
You feel sick.
Edmund hits you with a +5 flail of protection.
You hit Edmund.
Edmund is lightly wounded.
You feel sick.
Edmund hits you with a +5 flail of protection!
You puncture Edmund!
Your tail-slap misses Edmund.
Edmund is heavily wounded.
You feel sick. Edmund barely misses you.
You hit Edmund. Your kick misses Edmund.
Edmund is heavily wounded.
You feel sick.
You are no longer poisoned.
Edmund hits you with a +5 flail of protection!
* * * LOW HITPOINT WARNING * * *
Edmund hits you with a +5 flail of protection.
You die...

......................#
#..
.......................
#..
.........#.............
#. #...................
..
#......s...###......#
..
#.....#.##..(#......#
.. #######.....s.......
... ##.###@#.....# #...
#####@#...#####. .....
####...................
#.........>..#.#.......
#............#.........
##......)..............
#......................
#............#.....#...
#..#....#....##........
#..##...##...##.......#


You could see Edmund and a scorpion.

Vanquished Creatures
  Sigmund (D:2)
  A scorpion (D:4)
  A hound (D:4)
  5 adders
  3 dart slugs
  3 orcs
  8 ball pythons
  5 bats
  6 endoplasms
  6 giant cockroaches
  4 goblins
  6 hobgoblins
  2 quokkas
  A frilled lizard (D:2)
  13 kobolds
  6 rats
71 creatures vanquished.

Notes
Turn   | Place    | Note
-------+----------+-------------------------------------------
     0 | D:1      | Demosthentine the Demonspawn Gladiator began the quest for
                  | the Orb.
     0 | D:1      | Reached XP level 1. HP: 16/16 MP: 1/1
   107 | D:1      | Discovered your monstrous ancestry.
   107 | D:1      | Gained mutation: You have a small tail. [demonic ancestry]
   107 | D:1      | Reached XP level 2. HP: 22/22 MP: 2/2
   559 | D:1      | Reached skill level 1 in Armour
  1019 | D:2      | Gained mutation: You have large cloven feet. [demonic
                  | ancestry]
  1019 | D:2      | Reached XP level 3. HP: 15/28 MP: 3/3
  1496 | D:2      | Noticed Sigmund
  1515 | D:2      | Killed Sigmund
  1516 | D:2      | Gained mutation: You may rarely emit foul miasma when
                  | damaged in melee. [demonic ancestry]
  1516 | D:2      | Reached XP level 4. HP: 28/35 MP: 4/4
  1516 | D:2      | Gained mutation: You have hoof-like feet. [demonic
                  | ancestry]
  1516 | D:2      | Reached XP level 5. HP: 33/41 MP: 5/5
  1598 | D:2      | Identified the +1 robe "Tylekh" {rN+ Str-3 Stlth+}
  1950 | D:3      | Found a sacrificial altar of Ru.
  2221 | D:3      | Reached XP level 6. HP: 47/47 MP: 6/6
  2392 | D:4      | Found a burning altar of Makhleb.
  2573 | D:4      | Noticed Edmund
  2597 | D:4      | HP: 2/48 [Edmund/+5 flail of protection (11)]
  2597 | D:4      | Slain by Edmund

Illustrated notes

Levels and vault maps discovered:
D:1:      scummos_arrival_forest, layout_basic, minivault_24
D:2:      minmay_evil_eye, layout_basic, uniq_sigmund
D:3:      layout_basic, lemuel_doored_altar
D:4:      layout_cave_pools, nicolae_hepliaklqana_hippocampus,
          mainiacjoe_overflow_cross_hatched, minivault_24, minmay_crossroads,
          uniq_edmund

Skill      XL: |  1  2  3  4  5  6 |
---------------+-------------------+-----
Dodging        | 3 4 |  4.0
Polearms       | 3 4 |  4.0
Armour         | 1 2 |  2.7
Fighting       | 3 |  3.7
Throwing       | |  1.7

Action                     |  1- 3 |  4- 6 || total
---------------------------+-------+-------++-------
  Melee: Trident           |   107 |   102 ||   209
         Punch             |     1 |     1 ||     2
         Tailslap          |     4 |     8 ||    12
         Kick              |     5 |    21 ||    26
  Throw: Throwing net      |     1 |     1 ||     2
    Use: Scroll            |     4 |     3 ||     7
         Potion            |     1 |     2 ||     3
   Stab: Distracted        |     1 |       ||     1
         Sleeping          |     3 |     1 ||     4
 Armour: Leather armour    |    20 |    22 ||    42
         Skin              |     2 |       ||     2
  Dodge: Dodged            |    45 |    72 ||   117

Table legend: (Time is in decaauts)
 A = Elapsed time spent in this place.
 B = Non-inter-level travel time spent in this place.
 C = Inter-level travel time spent in this place.
 D = Time resting spent in this place.
 E = Time spent auto-exploring this place.
 F = Levels seen in this place.
 G = Mean time per level.
                   A        B        C        D        E       F      G
               +--------+--------+--------+--------+--------+-----+--------+
         Total |   2624 |   2588 |     36 |      6 |   2081 |   4 |  656.0 |
       Dungeon |   2624 |   2588 |     36 |      6 |   2081 |   4 |  656.0 |
               +--------+--------+--------+--------+--------+-----+--------+

Top non-repeatable levels by time:
     D:1: 921 daAuts
     D:2: 763 daAuts
     D:3: 663 daAuts
     D:4: 275 daAuts
